 Dungeon Crawl Stone Soup version 0.30.1-11-g7821555f0a (webtiles) character file.

Game seed: 7398700316065103871

26231 Kagerus the Spear-Bearer (level 13, -12/94 (95) HPs)
             Began as a Merfolk Gladiator on Oct 27, 2023.
             Was an Elder of Hepliaklqana.
             Mangled by an elephant (32 damage)
             ... on level 3 of the Lair of Beasts.
             The game lasted 01:53:22 (29160 turns).

Kagerus the Spear-Bearer (Merfolk Gladiator)       Turns: 29160, Time: 01:53:23

HP:   -12/94 (95)   AC: 10    Str: 15    XL:     13   Next: 24%
MP:   12/13         EV:  2    Int:  7    God:    Hepliaklqana [****..]
Gold: 915           SH:  0    Dex: 20    Spells: 9/12 levels left

rFire   + . .        n - +2 trident (venom)
rCold   + . .        Q - +2 buckler of the Locust {Will+ rCorr}
rNeg    . . .        a - +0 steam dragon scales
rPois   .            c - +1 helmet
rElec   .            T - scarf {rC+ rF+}
rCorr   +            (no gloves)
SInv    .            b - +0 pair of boots
Will    ++...        d - amulet of reflection
Stlth   ++           g - ring of willpower
HPRegen 0.35/turn    A - +5 ring of evasion
MPRegen 0.13/turn

%: reflection
@: sleeping, lightly drained
A: reduced essence, (nimble swimmer 2), mertail
a: Renounce Religion, Recall Ancestor, Ancestor Identity, Transference, Idealise


You were on level 3 of the Lair of Beasts.
You worshipped Hepliaklqana.
Hepliaklqana was greatly pleased with you.
You visited 3 branches of the dungeon, and saw 15 of its levels.
You also visited: Sewer and Volcano.

You collected 915 gold pieces.

Inventory:

Hand Weapons
 n - a +2 trident of venom (weapon)
 w - a +1 hand crossbow of flaming
 x - a +2 heavy spear
Missiles
 s - 2 throwing nets
 y - 8 silver javelins
 E - 18 poisoned darts (quivered)
 H - 2 javelins
Armour
 a - +0 steam dragon scales (worn)
 b - a +0 pair of boots (worn)
 c - a +1 helmet (worn)
 Q - the +2 buckler of the Locust (worn) {Will+ rCorr}
   (You found it on level 7 of the Dungeon)

   rCorr:     It protects you from acid and corrosion.
   Will:      It increases your willpower.
 R - the +6 scale mail "Nokhuing" {Str+3 Int+3 SInv}
   (You found it on level 1 of the Lair of Beasts)

   Str:       It affects your strength (+3).
   Int:       It affects your intelligence (+3).
   SInv:      It lets you see invisible.
 T - a scarf of resistance (worn)
 Y - a +3 leather armour of fire resistance
Magical Staves
 f - a staff of poison
Jewellery
 d - an amulet of reflection (around neck)
 e - a ring of fire
 g - a ring of willpower (left hand)
 h - a ring of magical power
 k - an amulet of guardian spirit
 q - a ring of protection from fire
 t - a ring of flight
 A - a +5 ring of evasion (right hand)
 F - a ring of wizardry
 G - a ring of protection from cold
 J - a ring of protection from fire
Wands
 I - a wand of mindburst (15)
 N - a wand of iceblast (9)
 P - a wand of digging (6)
 U - a wand of flame (5)
 V - a wand of charming (11)
Scrolls
 i - 7 scrolls of identify
 l - a scroll of enchant armour
 m - 4 scrolls of fog
 p - 4 scrolls of teleportation
 v - a scroll of silence
 C - a scroll of fear
 S - 2 scrolls of torment {unknown}
 X - a scroll of magic mapping
Potions
 j - 8 potions of might
 o - a potion of ambrosia
 z - a potion of flight
 B - 4 potions of brilliance
 D - 5 potions of attraction
 L - 2 potions of magic
 M - a potion of resistance {unknown}
 O - 2 potions of lignification
 Z - a potion of experience {unknown}


   Skills:
 + Level 11.0 Fighting
 + Level 14.0 Polearms
 - Level 5.0 Throwing
 * Level 7.7 Armour
 - Level 9.6 Dodging
 - Level 4.0 Shields
 - Level 8.0 Transmutations
 - Level 3.0 Fire Magic
 - Level 8.0 Poison Magic


You had 9 spell levels left.
You knew the following spells:

 Your Spells              Type           Power      Damage    Failure   Level
a - Ignite Poison         Fire/Tmut/Pois 8%         N/A       14%         3

Your spell library contained the following spells:

 Spells                   Type           Power      Damage    Failure   Level
 Passwall                 Tmut/Erth      4%         N/A       17%         2
 Cigotuvi's Dreadful Rot  Necr/Pois/Air  6%         N/A       30%         2
 Apportation              Tloc           0%         N/A       52%         1
 Sandblast                Erth           0%         2d4       52%         1
 Alistair's Intoxication  Tmut/Pois      7%         N/A       52%         5
 Stone Arrow              Conj/Erth      0%         3d7       87%         3
 Dispel Undead            Necr           0%         3d6       99%         4
 Borgnjor's Vile Clutch   Necr/Erth      0%         N/A       100%        5
 Freezing Cloud           Conj/Ice/Air   0%         6-21      100%        5
 Death Channel            Necr           0%         N/A       100%        6
 Iron Shot                Conj/Erth      0%         9d1       100%        6
 Lehudib's Crystal Spear  Conj/Erth      0%         10d2      100%        8


Dungeon Overview and Level Annotations

Branches:
Dungeon (11/15)            Temple (1/1) D:5            Lair (3/5) D:10
  Snake (0/4) Lair:2          Orc (0/2) D:9           Sewer (visited)
Volcano (visited)
  Swamp: Lair:2-3    Shoals: Lair:2-3

Altars:
Ashenzari
Cheibriados
Dithmenos
Elyvilon
Fedhas
Gozag
Hepliaklqana
Kikubaaqudgha
Makhleb
Nemelex Xobeh
Okawaru
Qazlal
Ru
Sif Muna
Trog
Uskayaw
Vehumet
Wu Jian
Xom
Yredelemnul
Zin
The Shining One
Jiyva

Shops:
D:1 *   D:9 (*[

Portals:
Trove: D:10 (give 12 potions of heal wounds)

Annotations:
D:6 3 runed translucent doors, zxspectator's ghost, novice GrFi
D:9 1 transporter


Innate Abilities, Weirdness & Mutations

Your life essence is reduced to manifest your ancestor. (-10% HP)
((You are very nimble when in or above water. (Stealth+, EV+, Speed+++)))
Your lower body shifts to a powerful aquatic tail in water.


Message History

The death yak is severely wounded.
You barely miss the death yak. You barely miss the death yak.
The death yak gores you!!
The death yak snorts and paws the ground.
You block the death yak's attack.
You swap places.
The dream sheep shake their wool and sparkle.
You feel drowsy...
You fall asleep.
Duaenre hits the death yak with a +0 flail!
The death yak gores you!!!
You wake up.
Ouch! That really hurt!
* * * LOW HITPOINT WARNING * * *
Duaenre blocks the death yak's attack.
You hear a trumpeting!
You hear a bellow! x2; You hear a trumpeting!
You puncture the death yak!
The death yak looks as sick as possible!
The death yak is almost dead.
The death yak gores you but does no damage.
The death yak closely misses Duaenre.
The death yak attacks as you move away! The death yak misses you.
Duaenre hits the death yak with a +0 flail.
The death yak gores Duaenre!
Duaenre blocks the death yak's attack.
You feel a bit more experienced.
Duaenre hits the elephant but does no damage.
Something gores Duaenre!
Your Fighting skill increases to level 11!
Your Polearms skill increases to level 14!
Duaenre blocks something's attack.
Something gores Duaenre.
Duaenre hits the elephant with a +0 flail!
Something closely misses Duaenre.
Duaenre blocks something's attack.
Duaenre hits the death yak with a +0 flail!
The death yak gores Duaenre.
Something bites Duaenre but does no damage.
Something gores Duaenre!!
Duaenre is destroyed!
The dream sheep shakes its wool and sparkles.
You feel drowsy...
You fall asleep.
The elephant tramples you!!
You die...

##.<.......#..........#(.
##.......................
#....>................P#.
#.............#.......###
##.........####..#...##.#
##...#.#'#.# ###.#....~P
######..### ##..~..~~
##.#..# ##..~~~≈~
####.#.@.# #...~~≈≈≈
#.###.'Y.# ##+#.~≈≈≈~
#.......### ##....~≈≈..
##......+.####.....~≈~.>
#....Y.Y.....##....~≈~~.
##.......#.#..+....~~≈~≈
#...Y...# # #....~~≈~≈
#..Y...## #.....~~~~~
##+.##..# ##..#.+..~.


You could see 2 death yaks, an elephant and 2 dream sheep.

Vanquished Creatures
  Gastronok (D:8)
  A red draconian (Volcano)
  The ghost of cermafil the Fighter, a journeyman DsFi of Nemelex Xobeh (D:9)
  A vault guard (D:10)
  An ogre mage (Volcano)
  4 two-headed ogres (Volcano)
  4 death yaks
  Sonja (D:10)
  The ghost of MacCMillion the Frost Mage, a novice GnIE of Cheibriados (D:8)
  An elephant (Lair:2)
  A manticore (D:9)
  A black mamba (Lair:1)
  A molten gargoyle (Volcano)
  4 cane toads
  2 rime drakes
  4 komodo dragons
  A polar bear (D:10)
  A dream sheep (Lair:3)
  A hornet (D:10)
  A shadow (D:10)
  A ynoxinul (D:8)
  3 wyverns
  14 yaks
  Menkaure (D:6)
  2 water moccasins
  2 orc warriors
  12 ice beasts
  2 black bears
  3 centaurs
  5 wolves
  An ogre (D:4)
  A phantom (D:7)
  3 kobold brigands
  4 bullfrogs
  A gnoll sergeant (D:5)
  3 scorpions
  9 wights
  A hornet simulacrum (D:9)
  10 killer bees
  A vampire bat (D:5)
  A howler monkey (D:6)
  A lava snake (Volcano)
  3 hounds
  A jelly (D:6)
  9 orc priests
  A gnoll bouda (D:5)
  3 iguanas
  11 orc wizards
  Robin (D:3)
  18 gnolls
  11 adders
  A river rat (Sewer)
  A shadow imp (D:6)
  2 white imps (D:9)
  A howler monkey simulacrum (D:9)
  2 worms (D:2)
  A dart slug (D:1)
  3 fire bats (D:5)
  44 orcs
  2 spectral bats (D:5)
  13 ball pythons
  12 bats
  3 bat skeletons (D:5)
  A bat zombie (D:5)
  7 endoplasms
  7 giant cockroaches
  21 goblins
  14 hobgoblins
  8 jackals
  15 kobolds
  6 quokkas
  A bat simulacrum (D:5)
  10 frilled lizards
  10 rats
357 creatures vanquished.

Vanquished Creatures (collateral kills)
  A molten gargoyle (Volcano)
  A cane toad (Lair:1)
  3 komodo dragons
  A dream sheep (Lair:3)
  2 fire bats (Volcano)
  A wyvern (D:9)
  7 yaks
  A steam dragon (D:8)
  A water moccasin (Lair:2)
  A sky beast (D:7)
  An acid dragon (D:10)
  An ice beast (D:10)
  A centaur (D:8)
  A bullfrog (D:7)
  A gnoll sergeant (D:8)
  A wight (D:7)
  4 lava snakes (Volcano)
  An orc priest (D:9)
  3 orc wizards
  2 gnolls (D:8)
  A white imp (D:9)
  4 orcs
  4 kobolds
44 creatures vanquished.

Vanquished Creatures (others)
  7 ancestors
  9 knights
16 creatures vanquished.

Grand Total: 417 creatures vanquished

Notes
Turn   | Place    | Note
-------+----------+-------------------------------------------
     0 | D:1      | Kagerus the Merfolk Gladiator began the quest for the Orb.
     0 | D:1      | Reached XP level 1. HP: 16/16 MP: 1/1
    73 | D:1      | Reached XP level 2. HP: 22/22 MP: 2/2
   120 | D:1      | Reached skill level 5 in Polearms
   309 | D:1      | Reached XP level 3. HP: 25/27 MP: 3/3
   393 | D:1      | Found Qaipref's Assorted Antiques.
   825 | D:2      | Reached skill level 6 in Polearms
   860 | D:2      | Found a faded altar of an unknown god.
  1017 | D:2      | Found a snail-covered altar of Cheibriados.
  1130 | D:2      | Reached XP level 4. HP: 18/34 MP: 4/4
  1809 | D:2      | Identified a scroll of acquirement
  1809 | D:2      | Acquired the +3 buckler of Asceticism {*Corrode Str+5}
  4232 | D:3      | Reached skill level 1 in Armour
  4283 | D:3      | Noticed Robin
  4291 | D:3      | Killed Robin
  4292 | D:3      | Reached XP level 5. HP: 39/41 MP: 3/5
  4306 | D:3      | Reached skill level 1 in Shields
  4887 | D:4      | Noticed a centaur
  4894 | D:4      | Killed a centaur
  4895 | D:4      | Reached XP level 6. HP: 41/48 MP: 4/6
  5504 | D:5      | Entered Level 5 of the Dungeon
  5640 | D:5      | Noticed an ice beast
  5673 | D:4      | Killed an ice beast
  5674 | D:4      | Reached XP level 7. HP: 42/55 MP: 7/7
  6263 | D:5      | Reached skill level 5 in Fighting
  6503 | D:5      | Found a staircase to the Ecumenical Temple.
  7315 | D:5      | Reached XP level 8. HP: 54/62 MP: 8/8
  7402 | D:5      | Reached skill level 7 in Polearms
  8336 | D:4      | Reached skill level 8 in Polearms
  8795 | D:5      | Found a radiant altar of Vehumet.
  8830 | Temple   | Entered the Ecumenical Temple
  9205 | Temple   | Became a worshipper of Hepliaklqana the Forgotten
  9408 | D:6      | Found a runed translucent gate.
  9408 | D:6      | Found a runed translucent gate.
  9414 | D:6      | Reached skill level 9 in Polearms
  9418 | D:6      | Found an opulent altar of Gozag.
  9418 | D:6      | Found a runed translucent gate.
  9418 | D:6      | Noticed a two-headed ogre
  9418 | D:6      | Noticed a kobold demonologist
  9418 | D:6      | Noticed zxspectator's ghost (novice GrFi)
  9546 | D:6      | Reached XP level 9. HP: 68/68 MP: 9/9
  9562 | D:6      | Noticed Menkaure
  9582 | D:6      | Killed Menkaure
  9583 | D:6      | Reached skill level 5 in Dodging
  9648 | D:6      | Found a glowing drain.
  9659 | Sewer    | Entered a sewer
 11082 | D:7      | Reached * piety under Hepliaklqana
 11258 | D:7      | Reached skill level 5 in Armour
 12273 | D:7      | Identified the +2 buckler of the Locust {Will+ rCorr}
 14412 | D:8      | Noticed MacCMillion's ghost (novice GnIE)
 14415 | D:8      | Found a runed translucent door.
 15410 | D:8      | Noticed Gastronok
 15448 | D:8      | Reached XP level 10. HP: 15/71 MP: 4/10
 15672 | D:8      | Killed Gastronok
 15673 | D:8      | Reached skill level 5 in Throwing
 15673 | D:8      | Reached skill level 10 in Polearms
 17314 | D:8      | Got Konerip's Atlas of Bedrock
 18410 | D:9      | Noticed cermafil's ghost (journeyman DsFi)
 18410 | D:9      | Found a transporter.
 18410 | D:9      | Found a transporter.
 18412 | D:9      | Found a viscous altar of Jiyva.
 18597 | D:8      | Killed MacCMillion's ghost
 18598 | D:8      | Reached skill level 11 in Polearms
 18768 | D:9      | Reached XP level 11. HP: 80/80 MP: 11/11
 18906 | D:9      | Found Ydocist's CLEARANCE SALE!.
 18932 | D:9      | Acquired an amulet of reflection
 18999 | D:9      | Found Inwir's Armour Boutique.
 19000 | D:9      | Found a staircase to the Orcish Mines.
 19012 | D:9      | Found Mubbebb's Weapon Boutique.
 19135 | D:9      | Noticed a manticore
 19144 | D:9      | Killed a manticore
 19196 | D:9      | Found a runed translucent gate.
 19196 | D:9      | Found a runed translucent gate.
 19196 | D:9      | Found a runed translucent gate.
 19276 | D:9      | Learned a level 3 spell: Ignite Poison
 19505 | D:9      | Reached ** piety under Hepliaklqana
 19506 | D:9      | Remembered your ancestor Duaenre as a knight
 19805 | D:10     | Entered Level 10 of the Dungeon
 19841 | D:10     | Reached skill level 1 in Transmutations
 19841 | D:10     | Reached skill level 1 in Poison Magic
 19854 | D:10     | Reached skill level 12 in Polearms
 20302 | D:10     | Reached skill level 1 in Fire Magic
 20325 | D:10     | Found a staircase to the Lair.
 20543 | D:10     | Noticed Sonja
 20555 | D:10     | Killed Sonja
 20556 | D:10     | Reached skill level 13 in Polearms
 20840 | D:10     | Noticed a vault guard
 21880 | D:10     | Killed a vault guard
 21977 | D:10     | Found a portal to a secret trove of treasure.
 22303 | D:11     | Noticed a skeletal warrior
 22303 | D:11     | Noticed a skeletal warrior
 22303 | D:11     | Noticed a skeletal warrior
 22373 | D:11     | Noticed a skeletal warrior
 22409 | D:11     | Noticed a cyclops
 22689 | Lair:1   | Entered Level 1 of the Lair of Beasts
 22708 | Lair:1   | Noticed a death yak
 22710 | Lair:1   | Noticed a death yak
 22733 | Lair:1   | Killed a death yak
 22734 | Lair:1   | Reached skill level 5 in Transmutations
 22898 | Lair:1   | Noticed a death yak
 22942 | D:10     | Killed a death yak
 22943 | D:10     | Reached skill level 5 in Poison Magic
 22943 | D:10     | Reached XP level 12. HP: 80/87 MP: 12/12
 22960 | Lair:1   | Killed a death yak
 23023 | Lair:1   | Reached *** piety under Hepliaklqana
 23076 | Lair:1   | Identified the +6 scale mail "Nokhuing" {Str+3 Int+3 SInv}
 23228 | Lair:1   | Reached skill level 10 in Fighting
 24117 | Lair:2   | Found a staircase to the Snake Pit.
 25430 | Lair:2   | Reached **** piety under Hepliaklqana
 25676 | Lair:3   | Noticed a seven-headed hydra
 25845 | Lair:3   | Found a dark tunnel.
 25882 | Volcano  | Entered a volcano
 26506 | Volcano  | Found a bloodstained altar of Trog.
 26506 | Volcano  | Noticed a two-headed ogre
 26506 | Volcano  | Noticed an ogre mage
 26506 | Volcano  | Noticed a two-headed ogre
 26506 | Volcano  | Noticed a two-headed ogre
 26511 | Volcano  | Killed a two-headed ogre
 26516 | Volcano  | Killed a two-headed ogre
 27083 | Volcano  | Noticed a two-headed ogre
 27090 | Volcano  | Noticed a red draconian
 27092 | Volcano  | Killed a two-headed ogre
 27105 | Volcano  | Killed a red draconian
 27183 | Volcano  | Killed an ogre mage
 27184 | Volcano  | Reached XP level 13. HP: 56/93 MP: 5/13
 28273 | D:9      | Killed cermafil's ghost
 29151 | Lair:3   | Reached skill level 14 in Polearms
 29160 | Lair:3   | Mangled by an elephant

Illustrated notes

Levels and vault maps discovered:
D:1:      saegor_arrival_miasma, layout_rooms, serial_shops, nicolae_shop_trees,
          corner_web_ring
D:2:      layout_basic, basic_altar, ebering_ecumenical_altar_abandoned,
          minivault_23, minmay_joined_circles
D:3:      layout_loops_ring, uniq_robin
D:4:      nicolae_cairo_tiling, layout_basic, nicolae_underground_beach
D:5:      layout_layer_cave, lemuel_coloured_pillars_altar,
          minmay_temple_entry_enclosed_plants, goddamned_bats
D:6:      layout_basic, ebering_ghost_gozag, portal_sewer_entry_f, uniq_menkaure
D:7:      layout_basic
D:8:      layout_loops_corners, hellmonk_ghost_big_iron, uniq_gastronok
D:9:      gammafunk_jiyva_shrine, layout_irregular_city, orc_david_3,
          gammafunk_ghost_icy, nicolae_shop_clearance
D:10:     layout_basic, hellmonk_lair_entry_icy, enter_bailey_3, enter_trove_5,
          uniq_sonja
D:11:     layout_roguey, serial_shops, shop
Temple:   mainiacjoe_temple_archimedes_tessellation
Lair:1:   layout_hall_layers, chequers_serial_rivers_large_a, st_stairs_7
Lair:2:   hellmonk_destroyed_diamonds, layout_concentric_octagons,
          dummy_snake_entry
Lair:3:   layout_roguey, elwin_shoals_entry_rooms, enter_volcano_1,
          nicolae_lair_grazing_beasts [nicolae_sub_lair_graze_edge,
          nicolae_sub_lair_graze_edge, nicolae_sub_lair_graze_edge,
          nicolae_sub_lair_graze_edge], infiniplex_staircase_pool_2

Skill      XL: |  1  2  3  4  5  6  7  8  9 10 11 12 13 |
---------------+----------------------------------------+-----
Polearms       | 5 6 9 11 13 14 | 14.0
Armour         | 1 2 3 4 5 6 7 |  7.7
Fighting       | 3 4 5 7 9 10 11 | 11.0
Shields        | 2 3 4 |  4.0
Dodging        | 6 8 9 |  9.6
Throwing       | 4 5 |  5.0
Transmutations | 5 8 |  8.0
Poison Magic   | 5 8 |  8.0
Fire Magic     | 2 3 |  3.0

Action                     |  1- 3 |  4- 6 |  7- 9 | 10-12 | 13-15 || total
---------------------------+-------+-------+-------+-------+-------++-------
  Melee: Trident           |   133 |   250 |   224 |   769 |   138 ||  1514
         Spear             |       |       |   252 |       |       ||   252
         Tailslap          |       |       |     3 |       |       ||     3
  Throw: Throwing net      |       |     1 |     3 |     3 |       ||     7
         Javelin           |       |       |     1 |       |       ||     1
         Dart              |       |       |       |    27 |       ||    27
   Cast: Ignite Poison     |       |       |       |    15 |     4 ||    19
 Invoke: Recall Ancestor   |       |       |     3 |     6 |     3 ||    12
         Ancestor Identity |       |       |       |     1 |       ||     1
         Ancestor Life: Kn |       |       |       |     1 |       ||     1
  Evoke: Wand              |       |       |       |       |     1 ||     1
    Use: Scroll            |       |     8 |    11 |     6 |     1 ||    26
         Potion            |       |       |     4 |     2 |     1 ||     7
   Stab: Sleeping          |     1 |       |     1 |     2 |       ||     4
         Held in net/web   |       |     1 |     1 |       |       ||     2
         Distracted        |       |       |     3 |     4 |       ||     7
 Armour: Leather armour    |    29 |       |       |       |       ||    29
         Ring mail         |    10 |    51 |   101 |     1 |       ||   163
         Steam dragon scal |       |       |       |    82 |    27 ||   109
         Scale mail        |       |       |       |     1 |       ||     1
  Dodge: Dodged            |   109 |   100 |   207 |   414 |    42 ||   872
  Block: Buckler           |       |    63 |   168 |   327 |    46 ||   604
         Reflection        |       |       |       |    11 |       ||    11
